% Time on Ice - LONG BEACH BARACUDAS
Lines # - Real PCT - Wanted PCT - Time Play
Normal Forward
1 - 41% - 40% - 21:45
2 - 33% - 33% - 17:44
3 - 19% - 18% - 9:56
4 - 8% - 9% - 4:03
Normal Defense
1 - 37% - 40% - 19:56
2 - 29% - 30% - 15:29
3 - 21% - 15% - 11:23
4 - 12% - 15% - 6:40
PP Forward
1 - 45% - 51% - 2:03
2 - 55% - 49% - 2:30
PP Defense
1 - 55% - 55% - 2:30
2 - 45% - 45% - 2:03
PK Forward
1 - 88% - 60% - 1:45
2 - 12% - 40% - 0:14
PK Defense
1 - 45% - 55% - 0:53
2 - 55% - 45% - 1:06
PK3 Forward
1 - 0% - 55%
2 - 0% - 45%
PK3 Defense
1 - 0% - 55%
2 - 0% - 45%
44 Forward
1 - 0% - 55%
2 - 0% - 45%
44 Defense
1 - 0% - 55%
2 - 0% - 45%
Last Minute Offensive  - 0:00
Last Minute Defensive  - 0:00
Total
Forward - 60:00
Defense - 60:00
% Time on Ice - CALGARY FIREMEN
Lines # - Real PCT - Wanted PCT - Time Play
Normal Forward
1 - 30% - 32% - 16:12
2 - 30% - 30% - 16:09
3 - 27% - 25% - 14:31
4 - 12% - 13% - 6:36
Normal Defense
1 - 31% - 32% - 16:47
2 - 30% - 30% - 16:02
3 - 30% - 25% - 15:55
4 - 9% - 13% - 4:44
PP Forward
1 - 50% - 50% - 1:00
2 - 50% - 50% - 0:59
PP Defense
1 - 50% - 50% - 1:00
2 - 50% - 50% - 0:59
PK Forward
1 - 51% - 50% - 2:19
2 - 49% - 50% - 2:14
PK Defense
1 - 52% - 50% - 2:22
2 - 48% - 50% - 2:11
PK3 Forward
1 - 0% - 50%
2 - 0% - 50%
PK3 Defense
1 - 0% - 50%
2 - 0% - 50%
44 Forward
1 - 0% - 50%
2 - 0% - 50%
44 Defense
1 - 0% - 50%
2 - 0% - 50%
Last Minute Offensive  - 0:00
Last Minute Defensive  - 0:00
Total
Forward - 60:00
Defense - 60:00
Play-by-Play 1st period 0:01 of 1st period - Steven Stamkos wins face-off versus Adam Henrique in neutral zone. 0:28 of 1st period - Shot by Filip Forsberg. 0:28 of 1st period - Stopped by Jonathan Quick without a rebound. 0:29 of 1st period - Ryan Johansen wins face-off versus Brock Nelson in LONG BEACH BARACUDAS zone. 0:51 of 1st period - Icing by Jake McCabe. 0:52 of 1st period - Ryan Johansen wins face-off versus Derek Stepan in CALGARY FIREMEN zone. 0:52 of 1st period - Ryan Johansen is hit by J.T. Compher. 0:55 of 1st period - Icing by Oskar Lindblom. 0:56 of 1st period - Derek Stepan wins face-off versus Brendan Gallagher in CALGARY FIREMEN zone. 1:18 of 1st period - Icing by Andy Greene. 1:19 of 1st period - Ryan Johansen wins face-off versus Brock Nelson in CALGARY FIREMEN zone. 2:10 of 1st period - Sonny Milano is hit by Michael Del Zotto and loses puck. 2:21 of 1st period - Shot by Sonny Milano. 2:21 of 1st period - Stopped by Jonathan Quick without a rebound. 2:22 of 1st period - Brett Howden wins face-off versus Steven Stamkos in LONG BEACH BARACUDAS zone. 2:58 of 1st period - Shot by Sami Vatanen. 2:58 of 1st period - Stopped by Jonathan Quick with a rebound. 3:00 of 1st period - Shot by Brett Howden. 3:00 of 1st period - Goal by Brett Howden - LONG BEACH BARACUDAS : 0 - CALGARY FIREMEN : 1. 3:01 of 1st period - Adam Henrique wins face-off versus Pierre-Edouard Bellemare in neutral zone. 3:08 of 1st period - Shot by Adam Henrique. 3:08 of 1st period - Shot Misses the Net. 3:16 of 1st period - Pierre-Edouard Bellemare is hit by Filip Forsberg. 3:17 of 1st period - Icing by Pierre-Edouard Bellemare. 3:18 of 1st period - Pierre-Edouard Bellemare wins face-off versus Sonny Milano in LONG BEACH BARACUDAS zone. 3:27 of 1st period - Shot by Alexandre Texier. 3:27 of 1st period - Shot Misses the Net. 3:29 of 1st period - Shot by Pierre-Edouard Bellemare. 3:29 of 1st period - Goal by Pierre-Edouard Bellemare - LONG BEACH BARACUDAS : 1 - CALGARY FIREMEN : 1. 3:30 of 1st period - Adam Henrique wins face-off versus Steven Stamkos in neutral zone. 4:07 of 1st period - Shot by Viktor Arvidsson. 4:07 of 1st period - Shot Misses the Net. 4:13 of 1st period - Shot by Viktor Arvidsson. 4:13 of 1st period - Stopped by Jonathan Quick without a rebound. 4:14 of 1st period - Derek Stepan wins face-off versus Frans Nielsen in LONG BEACH BARACUDAS zone. 4:14 of 1st period - Derek Stepan is hit by Joakim Nygard. 4:30 of 1st period - Shot by J.T. Compher. 4:30 of 1st period - Shot Blocked by Markus Nutivaara. 4:51 of 1st period - Minor Penalty to Brent Seabrook for Hooking. 4:52 of 1st period - Steven Stamkos wins face-off versus Frans Nielsen in CALGARY FIREMEN zone. 5:51 of 1st period - Shot by Taylor Hall. 5:51 of 1st period - Shot Hit the Post. 5:53 of 1st period - Shot by Brock Nelson. 5:53 of 1st period - Stopped by Vitek Vanecek without a rebound. 5:54 of 1st period - Brock Nelson wins face-off versus Brett Howden in CALGARY FIREMEN zone. 6:09 of 1st period - Shot by Taylor Hall. 6:09 of 1st period - Stopped by Vitek Vanecek without a rebound. 6:10 of 1st period - Brock Nelson wins face-off versus Brett Howden in CALGARY FIREMEN zone. 6:13 of 1st period - Shot by Brock Nelson. 6:13 of 1st period - Shot Blocked by Jonathon Merrill. 6:15 of 1st period - Shot by Ben Hutton. 6:15 of 1st period - Shot Misses the Net. 6:17 of 1st period - Shot by Brock Nelson. 6:17 of 1st period - Stopped by Vitek Vanecek with a rebound. 6:19 of 1st period - Shot by Brock Nelson. 6:19 of 1st period - Stopped by Vitek Vanecek with a rebound. 6:21 of 1st period - Shot by Brock Nelson. 6:21 of 1st period - Deflect By Taylor Hall. 6:21 of 1st period - Shot Misses the Net. 6:23 of 1st period - Shot by Brock Nelson. 6:23 of 1st period - Stopped by Vitek Vanecek with a rebound. 7:22 of 1st period - Brendan Gallagher is hit by Ron Hainsey and loses puck. 7:57 of 1st period - Shot by Brock Nelson. 7:57 of 1st period - Shot Misses the Net. 7:59 of 1st period - Shot by Andreas Johnsson. 7:59 of 1st period - Shot Misses the Net. 8:29 of 1st period - Shot by Filip Forsberg. 8:29 of 1st period - Stopped by Jonathan Quick without a rebound. 8:30 of 1st period - Brett Howden wins face-off versus Steven Stamkos in LONG BEACH BARACUDAS zone. 9:34 of 1st period - Off-side. 9:35 of 1st period - Derek Stepan wins face-off versus Adam Henrique in neutral zone. 10:20 of 1st period - Shot by Derek Stepan. 10:20 of 1st period - Stopped by Vitek Vanecek with a rebound. 10:22 of 1st period - Shot by Alex Pietrangelo. 10:22 of 1st period - Goal by Alex Pietrangelo - LONG BEACH BARACUDAS : 2 - CALGARY FIREMEN : 1. 10:23 of 1st period - Brock Nelson wins face-off versus Frans Nielsen in neutral zone. 10:40 of 1st period - Shot by Brock Nelson. 10:40 of 1st period - Stopped by Vitek Vanecek without a rebound. 10:41 of 1st period - Steven Stamkos wins face-off versus Ryan Johansen in CALGARY FIREMEN zone. 10:41 of 1st period - Taylor Hall is hit by Andy Greene and loses puck. 11:09 of 1st period - Reyley Smith is hit by Brendan Gallagher and loses puck. 11:18 of 1st period - Shot by Oskar Lindblom. 11:18 of 1st period - Stopped by Jonathan Quick without a rebound. 11:19 of 1st period - Brock Nelson wins face-off versus Frans Nielsen in LONG BEACH BARACUDAS zone. 11:24 of 1st period - Shot by Kyle Palmieri. 11:24 of 1st period - Shot Misses the Net. 11:26 of 1st period - Shot by Alex Pietrangelo. 11:26 of 1st period - Shot Misses the Net. 11:34 of 1st period - Shot by Sonny Milano. 11:34 of 1st period - Stopped by Jonathan Quick without a rebound. 11:35 of 1st period - Adam Henrique wins face-off versus Derek Stepan in LONG BEACH BARACUDAS zone. 11:38 of 1st period - Shot by Filip Forsberg. 11:38 of 1st period - Stopped by Jonathan Quick without a rebound. 11:39 of 1st period - Steven Stamkos wins face-off versus Adam Henrique in LONG BEACH BARACUDAS zone. 11:59 of 1st period - Icing by Brandon Montour. 12:00 of 1st period - Steven Stamkos wins face-off versus Frans Nielsen in LONG BEACH BARACUDAS zone. 12:22 of 1st period - Reyley Smith is hit by Sami Vatanen. 12:38 of 1st period - Shot by Reyley Smith. 12:38 of 1st period - Shot Misses the Net. 12:52 of 1st period - Shot by Brock Nelson. 12:52 of 1st period - Stopped by Vitek Vanecek with a rebound. 12:54 of 1st period - Shot by Andreas Johnsson. 12:54 of 1st period - Shot Misses the Net. 12:56 of 1st period - Shot by Kyle Palmieri. 12:56 of 1st period - Stopped by Vitek Vanecek without a rebound. 12:57 of 1st period - Adam Henrique wins face-off versus Derek Stepan in CALGARY FIREMEN zone. 13:09 of 1st period - Icing by Mikael Granlund. 13:10 of 1st period - Ryan Johansen wins face-off versus Derek Stepan in LONG BEACH BARACUDAS zone. 13:11 of 1st period - Shot by Oskar Lindblom. 13:11 of 1st period - Deflect By Brendan Gallagher. 13:11 of 1st period - Stopped by Jonathan Quick without a rebound. 13:12 of 1st period - Adam Henrique wins face-off versus Brock Nelson in LONG BEACH BARACUDAS zone. 13:27 of 1st period - Shot by Brock Nelson. 13:27 of 1st period - Shot Blocked by Brent Seabrook. 13:29 of 1st period - Shot by Andreas Johnsson. 13:29 of 1st period - Stopped by Vitek Vanecek without a rebound. 13:30 of 1st period - Steven Stamkos wins face-off versus Ryan Johansen in CALGARY FIREMEN zone. 13:35 of 1st period - Shot by Steven Stamkos. 13:35 of 1st period - Shot Misses the Net. 13:37 of 1st period - Shot by Reyley Smith. 13:37 of 1st period - Shot Misses the Net. 13:39 of 1st period - Shot by Taylor Hall. 13:39 of 1st period - Shot Blocked by Andy Greene. 14:12 of 1st period - Shot by Reyley Smith. 14:12 of 1st period - Stopped by Vitek Vanecek without a rebound. 14:13 of 1st period - Adam Henrique wins face-off versus Brock Nelson in CALGARY FIREMEN zone. 14:32 of 1st period - Shot by Adam Henrique. 14:32 of 1st period - Deflect By Viktor Arvidsson. 14:32 of 1st period - Stopped by Jonathan Quick with a rebound. 14:34 of 1st period - Shot by Sami Vatanen. 14:34 of 1st period - Shot Misses the Net. 15:31 of 1st period - Shot by Reyley Smith. 15:31 of 1st period - Stopped by Vitek Vanecek without a rebound. 15:32 of 1st period - J.T. Compher wins face-off versus Ryan Johansen in CALGARY FIREMEN zone. 15:37 of 1st period - Shot by Derek Stepan. 15:37 of 1st period - Stopped by Vitek Vanecek without a rebound. 15:38 of 1st period - Ryan Johansen wins face-off versus Steven Stamkos in CALGARY FIREMEN zone. 15:38 of 1st period - Ryan Johansen is hit by Taylor Hall. 15:58 of 1st period - Oskar Lindblom is hit by Ben Hutton. 16:42 of 1st period - Mikael Granlund is hit by Filip Forsberg and loses puck. 16:46 of 1st period - Icing by Jordie Benn. 16:47 of 1st period - Derek Stepan wins face-off versus Frans Nielsen in LONG BEACH BARACUDAS zone. 16:47 of 1st period - Derek Stepan is hit by Joakim Nygard. 16:54 of 1st period - Mikael Granlund is hit by Frans Nielsen and loses puck. 16:59 of 1st period - Shot by Derek Stepan. 16:59 of 1st period - Shot Blocked by Brent Seabrook. 17:43 of 1st period - Kyle Palmieri is hit by Markus Nutivaara and loses puck. 17:51 of 1st period - Andreas Johnsson is hit by Brent Seabrook and loses puck. 18:00 of 1st period - Shot by Kyle Palmieri. 18:00 of 1st period - Stopped by Vitek Vanecek with a rebound. 18:04 of 1st period - Shot by Brock Nelson. 18:04 of 1st period - Shot Blocked by Markus Nutivaara. 18:06 of 1st period - Shot by Kyle Palmieri. 18:06 of 1st period - Shot Blocked by Sonny Milano. 18:08 of 1st period - Shot by Andreas Johnsson. 18:08 of 1st period - Stopped by Vitek Vanecek without a rebound. 18:09 of 1st period - Adam Henrique wins face-off versus Steven Stamkos in CALGARY FIREMEN zone. 18:20 of 1st period - Icing by Jonathon Merrill. 18:21 of 1st period - Adam Henrique wins face-off versus Steven Stamkos in CALGARY FIREMEN zone. 18:44 of 1st period - Shot by Adam Henrique. 18:44 of 1st period - Shot Misses the Net. 19:25 of 1st period - Shot by Kyle Palmieri. 19:25 of 1st period - Shot Blocked by Viktor Arvidsson. 19:58 of 1st period - Shot by Andreas Johnsson. 19:58 of 1st period - Stopped by Vitek Vanecek with a rebound. Goals for this period are 2 for LONG BEACH BARACUDAS vs 1 for CALGARY FIREMEN. Shots for this period are 18 for LONG BEACH BARACUDAS vs 11 for CALGARY FIREMEN. 2nd period 0:01 of 2nd period - Ryan Johansen wins face-off versus Brock Nelson in neutral zone. 0:16 of 2nd period - Shot by Sami Vatanen. 0:16 of 2nd period - Shot Misses the Net. 0:18 of 2nd period - Shot by Brendan Gallagher. 0:18 of 2nd period - Shot Misses the Net. 0:20 of 2nd period - Shot by Brendan Gallagher. 0:20 of 2nd period - Stopped by Jonathan Quick without a rebound. 0:21 of 2nd period - Taylor Hall wins face-off versus Brett Howden in LONG BEACH BARACUDAS zone. 1:20 of 2nd period - Shot by Andreas Johnsson. 1:20 of 2nd period - Stopped by Vitek Vanecek without a rebound. 1:21 of 2nd period - Ryan Johansen wins face-off versus Pierre-Edouard Bellemare in CALGARY FIREMEN zone. 1:29 of 2nd period - Ryan Johansen is hit by Ron Hainsey and loses puck. 1:48 of 2nd period - Shot by J.T. Compher. 1:48 of 2nd period - Shot Blocked by Jonathon Merrill. 1:50 of 2nd period - Shot by J.T. Compher. 1:50 of 2nd period - Stopped by Vitek Vanecek with a rebound. 1:52 of 2nd period - Shot by Pierre-Edouard Bellemare. 1:52 of 2nd period - Shot Misses the Net. 2:38 of 2nd period - Shot by Viktor Arvidsson. 2:38 of 2nd period - Shot Hit the Post. 2:40 of 2nd period - Shot by Filip Forsberg. 2:40 of 2nd period - Stopped by Jonathan Quick without a rebound. 2:41 of 2nd period - Frans Nielsen wins face-off versus Steven Stamkos in LONG BEACH BARACUDAS zone. 2:49 of 2nd period - Icing by Reyley Smith. 2:50 of 2nd period - Adam Henrique wins face-off versus Steven Stamkos in LONG BEACH BARACUDAS zone. 2:51 of 2nd period - Shot by Filip Forsberg. 2:51 of 2nd period - Stopped by Jonathan Quick without a rebound. 2:52 of 2nd period - Brock Nelson wins face-off versus Frans Nielsen in LONG BEACH BARACUDAS zone. 2:52 of 2nd period - Brock Nelson is hit by Frans Nielsen. 3:10 of 2nd period - Shot by Andreas Johnsson. 3:10 of 2nd period - Goal by Andreas Johnsson - LONG BEACH BARACUDAS : 3 - CALGARY FIREMEN : 1. 3:11 of 2nd period - Steven Stamkos wins face-off versus Adam Henrique in neutral zone. 3:54 of 2nd period - Steven Stamkos is hit by Jonathon Merrill and loses puck. 4:00 of 2nd period - Off-side. 4:01 of 2nd period - Derek Stepan wins face-off versus Frans Nielsen in neutral zone. 4:04 of 2nd period - Shot by Alex Pietrangelo. 4:04 of 2nd period - Shot Blocked by Brent Seabrook. 4:06 of 2nd period - Shot by Mikael Granlund. 4:06 of 2nd period - Shot Misses the Net. 4:12 of 2nd period - Shot by J.T. Compher. 4:12 of 2nd period - Stopped by Vitek Vanecek without a rebound. 4:13 of 2nd period - Ryan Johansen wins face-off versus Brock Nelson in CALGARY FIREMEN zone. 4:29 of 2nd period - Shot by Kyle Palmieri. 4:29 of 2nd period - Stopped by Vitek Vanecek without a rebound. 4:30 of 2nd period - Derek Stepan wins face-off versus Sonny Milano in CALGARY FIREMEN zone. 4:37 of 2nd period - Shot by J.T. Compher. 4:37 of 2nd period - Shot Misses the Net. 4:39 of 2nd period - Shot by Mikael Granlund. 4:39 of 2nd period - Shot Misses the Net. 4:41 of 2nd period - Shot by Mikael Granlund. 4:41 of 2nd period - Deflect By Derek Stepan. 4:41 of 2nd period - Stopped by Vitek Vanecek without a rebound. 4:42 of 2nd period - Ryan Johansen wins face-off versus Brock Nelson in CALGARY FIREMEN zone. 4:42 of 2nd period - Ryan Johansen is hit by Kyle Palmieri. 5:17 of 2nd period - Shot by Brock Nelson. 5:17 of 2nd period - Shot Blocked by Jonathon Merrill. 6:09 of 2nd period - Icing by Steven Stamkos. 6:10 of 2nd period - Steven Stamkos wins face-off versus Adam Henrique in LONG BEACH BARACUDAS zone. 6:24 of 2nd period - Shot by Reyley Smith. 6:24 of 2nd period - Deflect By Taylor Hall. 6:24 of 2nd period - Stopped by Vitek Vanecek without a rebound. 6:25 of 2nd period - Derek Stepan wins face-off versus Sonny Milano in CALGARY FIREMEN zone. 6:29 of 2nd period - Icing by Markus Nutivaara. 6:30 of 2nd period - Derek Stepan wins face-off versus Frans Nielsen in CALGARY FIREMEN zone. 6:33 of 2nd period - Shot by Mikael Granlund. 6:33 of 2nd period - Stopped by Vitek Vanecek without a rebound. 6:34 of 2nd period - Frans Nielsen wins face-off versus Steven Stamkos in CALGARY FIREMEN zone. 6:47 of 2nd period - Shot by Sonny Milano. 6:47 of 2nd period - Stopped by Jonathan Quick without a rebound. 6:48 of 2nd period - Adam Henrique wins face-off versus Derek Stepan in LONG BEACH BARACUDAS zone. 6:59 of 2nd period - Shot by J.T. Compher. 6:59 of 2nd period - Stopped by Vitek Vanecek without a rebound. 7:00 of 2nd period - Frans Nielsen wins face-off versus Reyley Smith in CALGARY FIREMEN zone. 7:06 of 2nd period - Off-side. 7:07 of 2nd period - Steven Stamkos wins face-off versus Adam Henrique in neutral zone. 7:22 of 2nd period - Steven Stamkos is hit by Jonathon Merrill and loses puck. 7:27 of 2nd period - Shot by Reyley Smith. 7:27 of 2nd period - Stopped by Vitek Vanecek without a rebound. 7:28 of 2nd period - Frans Nielsen wins face-off versus Derek Stepan in CALGARY FIREMEN zone. 7:28 of 2nd period - Frans Nielsen is hit by Derek Stepan. 8:11 of 2nd period - Shot by Derek Stepan. 8:11 of 2nd period - Shot Blocked by Joakim Nygard. 8:13 of 2nd period - Shot by Ben Hutton. 8:13 of 2nd period - Deflect By Mikael Granlund. 8:13 of 2nd period - Stopped by Vitek Vanecek without a rebound. 8:14 of 2nd period - Steven Stamkos wins face-off versus Adam Henrique in CALGARY FIREMEN zone. 8:21 of 2nd period - Shot by Steven Stamkos. 8:21 of 2nd period - Stopped by Vitek Vanecek with a rebound. 8:39 of 2nd period - Shot by Filip Forsberg. 8:39 of 2nd period - Shot Misses the Net. 9:13 of 2nd period - Markus Nutivaara is hit by T